 Dungeon Crawl Stone Soup version 0.22-a0-348-gd16d139 (webtiles) character file.

245 Amnesiac the Ducker (level 5, 0/29 HPs)
             Began as a Spriggan Wizard on Apr 12, 2018.
             Slain by Natasha (6 damage)
             ... on level 3 of the Dungeon.
             The game lasted 00:05:23 (4018 turns).

Amnesiac the Ducker (Spriggan Wizard)               Turns: 4018, Time: 00:05:24

Health: 0/29       AC:  2    Str:  3    XL:     5   Next: 83%
Magic:  0/12       EV: 20    Int: 26    God:
Gold:   102        SH:  0    Dex: 14    Spells: 1/12 levels left

rFire    . . .     SeeInvis +   a - +0 hunting sling
rCold    . . .     Gourm    .   (shield restricted)
rNeg     . . .     Faith    .   h - +0 robe
rPois    .         Spirit   +   b - +0 hat
rElec    .         Reflect  .   (no cloak)
rCorr    .         Harm     .   (gloves unavailable)
MR       .....                  (boots unavailable)
Stlth    +++.......             g - amulet of guardian spirit
HPRegen  0.09/turn              o - ring of stealth
MPRegen  0.13/turn              (no ring)

@: brilliant, very slightly contaminated, very quick
A: very small, unfitting armour, see invisible, herbivore, speed 3, slow
metabolism 2
a: no special abilities


You were on level 3 of the Dungeon.
You were not hungry.

You visited 1 branch of the dungeon, and saw 3 of its levels.

You collected 102 gold pieces.

Inventory:

Hand Weapons
 a - a +0 hunting sling (weapon)
Missiles
 f - 63 stones (quivered)
Armour
 b - a +0 hat (worn)
 h - a +0 robe (worn)
Jewellery
 g - an amulet of guardian spirit (around neck)
 o - a ring of stealth (left hand)
Scrolls
 c - 2 scrolls of teleportation {!r}
 e - 2 scrolls of magic mapping {!r}
 j - 2 scrolls of immolation {!r, unknown}
 k - 2 scrolls of enchant weapon {!r, unknown}
 n - a scroll of noise {!r, unknown}
 p - 2 scrolls of identify {!r}
 s - a scroll of enchant armour {!r, unknown}
Potions
 i - a potion of brilliance {!q}
 m - a potion of degeneration {!q, unknown}
 q - a potion of haste {!q, unknown}
 r - a potion of heal wounds {!q, unknown}
Comestibles
 d - 6 rations


   Skills:
 * Level 3.8 Fighting
 + Level 5.6 Dodging
 - Level 3.0 Stealth
 - Level 4.0 Spellcasting
 - Level 0.6 Conjurations
 - Level 0.7 Summonings
 - Level 1.5 Translocations


You had one spell level left.
You knew the following spells:

 Your Spells              Type           Power        Failure   Level  Hunger
a - Magic Dart            Conj           ###.         1%          1    None
b - Call Imp              Summ           ###.....     1%          2    None
e - Mephitic Cloud        Conj/Pois/Air  ###.....     3%          3    ##.....
s - Conjure Flame         Conj/Fire      ###.....     2%          3    ##.....
v - Blink                 Tloc           N/A          1%          2    None


Dungeon Overview and Level Annotations

Branches:
Dungeon (3/15)

Altars:

Annotations:
D:3 Natasha


Innate Abilities, Weirdness & Mutations

You are very small and have problems with some larger weapons.
You are too small for most types of armour.
You have supernaturally acute eyesight. (SInv)
You are a herbivore.
You cover ground extremely quickly.
You need to consume almost no food.


Message History

Aim: Natasha (hasn't noticed you)
The magic dart hits Natasha.
Natasha is lightly wounded.
Natasha hisses angrily.
Casting: Magic Dart (safe; 10% risk of failure)
Confirm with . or Enter, or press ? or * to list all spells.
Aiming: Magic Dart (safe; 10% risk of failure)
Press: ? - help, Shift-Dir - straight line, f/p - Natasha
Aim: Natasha (lightly wounded)
The magic dart hits Natasha.
Natasha is lightly wounded.
Casting: Magic Dart (safe; 10% risk of failure)
Confirm with . or Enter, or press ? or * to list all spells.
You miscast Call Imp.
Shadowy shapes form in the air around you, then vanish.
Casting: Call Imp (safe; 14% risk of failure)
Confirm with . or Enter, or press ? or * to list all spells.
A beastly little devil appears in a puff of flame.
Casting: Call Imp (safe; 14% risk of failure)
Confirm with . or Enter, or press ? or * to list all spells.
Aiming: Magic Dart (safe; 10% risk of failure)
Press: ? - help, Shift-Dir - straight line, f/p - Natasha
Aim: Natasha (lightly wounded)
The magic dart hits Natasha.
Natasha is moderately wounded.
Your crimson imp blinks!
Natasha casts a spell at you. The magic dart hits you!
Casting: Magic Dart (safe; 10% risk of failure)
Confirm with . or Enter, or press ? or * to list all spells.
You don't have enough magic to cast that spell.
Firing (i - inventory)
f - 66 stones (quivered)
Press: ? - help, Shift-Dir - straight line, f/p - Natasha
Aim: Natasha (moderately wounded)
You shoot a stone. The stone closely misses Natasha.
Natasha claws you but does no damage.
Firing (i - inventory)
f - 65 stones (quivered)
Press: ? - help, Shift-Dir - straight line, f/p - Natasha
Aim: Natasha (moderately wounded)
You shoot a stone.
The stone hits Natasha but does no damage.
Natasha is moderately wounded.
Natasha claws you!
* * * LOW HITPOINT WARNING * * *
Firing (i - inventory)
f - 64 stones (quivered)
Press: ? - help, Shift-Dir - straight line, f/p - Natasha
Aim: Natasha (moderately wounded)
You shoot a stone. The stone closely misses Natasha.
Natasha stares at you and mumbles some strange words.
The magic dart hits you!
* * * LOW HITPOINT WARNING * * *
Your crimson imp blinks!
Really quaff
l - a potion of curing {!q}?
You feel better. Natasha completely misses you.
Your crimson imp blinks!
Really quaff
i - 2 black potions {!q}?
It was a potion of brilliance {!q}.
You feel clever all of a sudden. Natasha claws you.
* * * LOW HITPOINT WARNING * * *
Your crimson imp blinks!
Natasha growls.
Natasha claws you.
You die...

###.#.# #
(((...# #.#
#.######## #(#
#.†......#
#(###)#####..#
#(....### #..#
##(......#
#..#
#..h.(##.#
#..######
#(>@..# <#
#.)#.....
#(..5.# #
#........
#.....#
#.##.....
#.....#
#.#######
##..... #.#
####### #.#
..# #
#########
#......


You could see Natasha and a friendly crimson imp.

Vanquished Creatures
  A centaur skeleton (D:2)
  Jessica (D:3)
  Natasha (D:3)
  4 adders
  A worm (D:2)
  2 dart slugs
  7 leopard geckos
  An orc (D:3)
  A ball python (D:3)
  5 bats
  A giant cockroach (D:2)
  11 goblins
  8 hobgoblins
  10 jackals
  A quokka (D:2)
  8 frilled lizards
  9 kobolds
  12 rats
84 creatures vanquished.

Vanquished Creatures (collateral kills)
  Natasha (D:3)
  2 adders (D:2)
3 creatures vanquished.

Grand Total: 87 creatures vanquished

Notes
Turn   | Place    | Note
-------+----------+-------------------------------------------
     0 | D:1      | Amnesiac the Spriggan Wizard began the quest for the Orb.
     0 | D:1      | Reached XP level 1. HP: 9/9 MP: 6/6
   220 | D:1      | Reached skill level 1 in Fighting
   427 | D:1      | Reached XP level 2. HP: 14/14 MP: 8/8
   431 | D:1      | Learned a level 2 spell: Blink
   434 | D:1      | Learned a level 2 spell: Call Imp
  1381 | D:1      | Reached XP level 3. HP: 18/18 MP: 9/9
  1521 | D:2      | Learned a level 3 spell: Mephitic Cloud
  1533 | D:2      | Reached skill level 4 in Dodging
  1717 | D:2      | Reached XP level 4. HP: 12/23 MP: 6/11
  1722 | D:2      | Learned a level 3 spell: Conjure Flame
  2834 | D:2      | Reached XP level 5. HP: 28/28 MP: 12/12
  3148 | D:3      | Reached skill level 5 in Dodging
  3172 | D:3      | Noticed Natasha
  3183 | D:3      | Killed Natasha
  3699 | D:3      | Noticed Jessica
  3707 | D:3      | Killed Jessica
  3922 | D:3      | Noticed Natasha
  3930 | D:3      | Killed Natasha
  4008 | D:3      | Noticed Natasha
  4018 | D:3      | Slain by Natasha

Vault maps used:
D:1:      dpeg_arrival_leaves_temple_mockup, minmay_rat_gold_closets
D:3:      uniq_jessica, uniq_natasha

Skill      XL: |  1  2  3  4  5 |
---------------+----------------+-----
Fighting       | 1 2 3 |  3.8
Dodging        | 4 5 |  5.6
Stealth        | |  3.0
Spellcasting   | |  4.0
Conjurations   | |  0.6
Summonings     | |  0.7
Translocations | |  1.5

Action                   |  1- 3 |  4- 6 || total
-------------------------+-------+-------++-------
 Fire: Hunting sling     |   170 |   265 ||   435
 Cast: Magic Dart        |     5 |    55 ||    60
       Call Imp          |       |     3 ||     3
  Use: Scroll            |     4 |       ||     4
       Potion            |       |     2 ||     2
Armor: Robe              |    13 |     7 ||    20
Dodge: Dodged            |   104 |   189 ||   293

Table legend:
 A = Spawn XP
 B = Non-spawn XP
 C = Spawn XP percentage of total XP
 D = Spawn monster count
 E = Non-spawn monster count
 F = Spawn count percentage of total count
 G = Total turns spent on level
                    A         B        C        D         E        F      G
               +---------+---------+-------+---------+---------+-------+---------
         Total |       0 |     350 |   0.0 |       0 |      87 |   0.0 |  4018
               +---------+---------+-------+---------+---------+-------+---------
           D:1 |       0 |      44 |   0.0 |       0 |      29 |   0.0 |  1458
           D:2 |       0 |     154 |   0.0 |       0 |      37 |   0.0 |  1647
           D:3 |       0 |     152 |   0.0 |       0 |      21 |   0.0 |   913
               +---------+---------+-------+---------+---------+-------+---------
